AoeStats
← 17_Neo_

Arena

507400938Analyzed
3v3 RM · 15d ago on Sep 18, 2026· 34m 45s· 6 players
Game mode
Random Map
Map size
Normal (6 player)
Population
200
Speed
Normal
Resources
Standard
Victory
Conquest
Starting age
Dark Age
Ending age
Imperial Age
RankedLock teamsTeams togetherTeam positionsShared explorationLock speedFull tech treeHidden civsTurbo modeCheats
Victory
Defeat
🇺🇸 Byzantines · United States
1440
+14
🇺🇸 Bulgarians · United States
1321
+19
🇺🇸 Poles · United States
1306
+19
🇨🇴 Koreans · Colombia
1405
-18
🇨🇴 Bohemians · Colombia
1380
-17
🇨🇴 Teutons · Colombia
1378
-17
17_Neo_
10:41 Feudal Age
12:15 Wheelbarrow
14:40 Castle Age
13:06 Double-Bit Axe
13:02 Horse Collar
17:53 Loom
28:17 Forging
Logan
11:11 Feudal Age
13:30 Wheelbarrow
16:46 Castle Age
16:47 Double-Bit Axe
17:52 Horse Collar
18:24 Bow Saw
35:59 Imperial Age
34:28 Pikeman
RAGNAROK
12:10 Feudal Age
14:21 Wheelbarrow
16:50 Castle Age
15:15 Double-Bit Axe
16:34 Bloodlines
16:21 Horse Collar
16:58 Bloodlines
16:57 Scale Barding Armor
27:20 Forging
30:00 Heavy Plow
32:55 Chain Barding Armor
33:11 Iron Casting
32:25 Pikeman
33:07 Squires
shottyg
11:26 Feudal Age
12:49 Double-Bit Axe
15:28 Castle Age
13:47 Horse Collar
16:24 Heavy Plow
16:57 Bow Saw
21:58 Wheelbarrow
22:21 Stone Mining
27:49 Imperial Age
25:36 Szlachta Privileges
25:49 Scale Barding Armor
25:55 Forging
25:57 Bloodlines
26:47 Gold Mining
27:29 Chain Barding Armor
28:19 Iron Casting
28:19 Cavalier
29:48 Husbandry
31:35 Blast Furnace
License to Boom
10:32 Feudal Age
11:56 Loom
14:35 Castle Age
12:40 Double-Bit Axe
13:28 Fletching
14:18 Horse Collar
15:43 Bodkin Arrow
28:37 Wheelbarrow
29:30 Heavy Plow
37:09 Imperial Age
34:59 Scale Barding Armor
BobBobkins
11:45 Feudal Age
15:21 Castle Age
13:27 Double-Bit Axe
14:19 Horse Collar
14:53 Gold Mining
19:45 Imperial Age
19:49 Padded Archer Armor
21:28 Chemistry
21:38 Loom
Connection lost

Rejoining the realm…

Still unreachable

The connection could not be restored.

Session expired

The server has moved on; the page needs a fresh start.